 Dungeon Crawl Stone Soup version 0.31-a0-358-gac0dbeb3ab (webtiles) character file.

Game seed: 3528201893689770948

2 bobarctor the Grave Robber (level 1, 0/13 HPs)
             Began as a Demonspawn Necromancer on July 25, 2023.
             Slain by a hobgoblin (4 damage)
             ... on level 1 of the Dungeon.
             The game lasted 00:00:44 (114 turns).

bobarctor the Grave Robber (Demonspawn Necromancer)  Turns: 114, Time: 00:00:44

Health: 0/13       AC:  2    Str:  8    XL:     1   Next: 33%
Magic:  0/3        EV: 12    Int: 16    God:
Gold:   0          SH:  0    Dex: 13    Spells: 3/4 levels left

rFire   . . .        (no weapon)
rCold   . . .        (no shield)
rNeg    . . .        a - +0 robe
rPois   .            (no helmet)
rElec   .            (no cloak)
rCorr   .            (no gloves)
SInv    .            (no boots)
Will    .....        (no amulet)
Stlth   ++           (no ring)
HPRegen 0.22/turn    (no ring)
MPRegen 0.08/turn

%: no passive effects
@: no status effects
A: no striking features
a: no special abilities


You were on level 1 of the Dungeon.
You visited 1 branch of the dungeon, and saw 1 of its levels.

Inventory:

Missiles
 c - 5 stones
Armour
 a - a +0 robe (worn)
Scrolls
 d - a scroll of fog {unknown}
Potions
 b - a potion of magic


   Skills:
 + Level 1.7 Dodging
 + Level 1.7 Stealth
 * Level 2.0 Spellcasting
 + Level 4.5 Necromancy


You had 3 spell levels left.
You knew the following spells:

 Your Spells              Type           Power      Damage    Failure   Level
a - Necrotise             Necr           64%        1d7       3%          1

Your spell library contained the following spells:

 Spells                   Type           Power      Damage    Failure   Level
 Vampiric Draining        Necr           16%        2d7       10%         3
 Animate Dead             Necr           16%        N/A       32%         4
 Agony                    Necr           16%        N/A       65%         5


Dungeon Overview and Level Annotations

Branches:
Dungeon (1/15)

Altars:


Message History

Aim: a quokka (chance to affect: 85%)
The quokka writhes in agony.
Aiming: Necrotise (safe; 3% risk of failure)
Press: ? - help, Q - select action, (/) - cycle Shift-Dir - straight line, f/p - quokka
Aim: a quokka (heavily wounded, chance to affect: 85%)
The quokka writhes in agony.
You kill the quokka!
The dead are hopping!
You start resting.
Your quokka skeleton crumbles into dust!
Magic restored.
d - a scroll labelled ZOK ANWICU
Found a stone staircase leading down.
A hobgoblin comes into view.
A hobgoblin is nearby!
Aiming: Necrotise (safe; 3% risk of failure)
Press: ? - help, Q - select action, (/) - cycle Shift-Dir - straight line, f - hobgoblin
Aim: a hobgoblin (asleep, chance to affect: 86%)
The hobgoblin writhes in agony.
Aiming: Necrotise (safe; 3% risk of failure)
Press: ? - help, Q - select action, (/) - cycle Shift-Dir - straight line, f/p - hobgoblin
Aim: a hobgoblin (moderately wounded, chance to affect: 86%)
The hobgoblin barely resists.
Aiming: Necrotise (safe; 3% risk of failure)
Press: ? - help, Q - select action, (/) - cycle Shift-Dir - straight line, f/p - hobgoblin
Aim: a hobgoblin (moderately wounded, chance to affect: 86%)
The hobgoblin barely resists.
You don't have enough magic to cast this spell.
You don't have enough magic to cast this spell.
You hit the hobgoblin but do no damage.
The hobgoblin is moderately wounded.
The hobgoblin hits you.
You hit the hobgoblin but do no damage. The hobgoblin closely misses you.
You hit the hobgoblin but do no damage. The hobgoblin hits you.
You hit the hobgoblin but do no damage. The hobgoblin barely misses you.
The hobgoblin attacks as you move away! The hobgoblin barely misses you.
The hobgoblin attacks as you move away! The hobgoblin hits you.
* * * LOW HITPOINT WARNING * * *
The hobgoblin attacks as you move away! The hobgoblin hits you.
You die...

#.# ## ### #.# .
..# #.# #.#.# ##.##
.#.#######...#
............# #
#.#######...#
#.#..##.##.......##
#..........g@....#
#.#..#...#.####..#
....>....#.# #.....
# #..#...#.# #.####
#..#####.# #.# #.
#.# #.# # #.# .#
#..


You could see a hobgoblin.

Vanquished Creatures
  An endoplasm (D:1)
  A quokka (D:1)
2 creatures vanquished.

Notes
Turn   | Place    | Note
-------+----------+-------------------------------------------
     0 | D:1      | bobarctor the Demonspawn Necromancer began the quest for
                  | the Orb.
     0 | D:1      | Reached XP level 1. HP: 13/13 MP: 3/3
   114 | D:1      | Slain by a hobgoblin

Illustrated notes

Levels and vault maps discovered:
D:1:      dpeg_arrival_another_circle, layout_loops_ring

Action                     || total
---------------------------++-------
  Melee: Unarmed           ||     4
   Cast: Necrotise         ||     7
  Dodge: Dodged            ||     4

Table legend: (Time is in decaauts)
 A = Elapsed time spent in this place.
 B = Non-inter-level travel time spent in this place.
 C = Inter-level travel time spent in this place.
 D = Time resting spent in this place.
 E = Time spent auto-exploring this place.
 F = Levels seen in this place.
 G = Mean time per level.
                   A        B        C        D        E       F      G
               +--------+--------+--------+--------+--------+-----+--------+
         Total |    114 |    114 |      0 |     44 |     41 |   1 |  114.0 |
       Dungeon |    114 |    114 |      0 |     44 |     41 |   1 |  114.0 |
               +--------+--------+--------+--------+--------+-----+--------+

Top non-repeatable levels by time:
     D:1: 114 daAuts
